 Dungeon Crawl Stone Soup version 0.25-a0-589-g1e14c549ee (webtiles) character file.

Game seed: 11429429109242018440, levelgen mode: deterministic

176 kae the Skirmisher (level 5, -3/63 HPs)
             Began as a Demonspawn Abyssal Knight on Mar 12, 2020.
             Was a Priest of Lugonu.
             Killed by divine providence
             ... invoked by an orc priest
              (15 damage)
             ... on level 3 of the Dungeon.
             The game lasted 00:02:43 (2658 turns).

kae the Skirmisher (Demonspawn Abyssal Knight)      Turns: 2658, Time: 00:02:44

Health: -3/63      AC: 22    Str: 12 (13) XL:     5   Next: 30%
Magic:  7/7        EV:  2    Int: 12 (13) God:    Lugonu [***...]
Gold:   95         SH:  0    Dex: 12 (13) Spells: 4/4 levels left

rFire    . . .     SeeInvis .   a - +1 falchion
rCold    . . .     Gourm    .   (no shield)
rNeg     + + +     Faith    .   (armour currently unavailable)
rPois    +         Spirit   .   (helmet currently unavailable)
rElec    .         Reflect  .   (cloak currently unavailable)
rCorr    +         Harm     .   (gloves currently unavailable)
MR       .....     NoTele   +   (boots currently unavailable)
Stlth    +.........             (no amulet)
HPRegen  0.60/turn              m - ring of resist corrosion
MPRegen  0.10/turn              (no ring)

@: tree-form (expiring), stab
A: regeneration 1
a: Depart the Abyss, Bend Space, Banish, Renounce Religion


You were on level 3 of the Dungeon.
You worshipped Lugonu.
Lugonu was most pleased with you.
You were not hungry.
You were a tree.
You visited 1 branch of the dungeon, and saw 3 of its levels.
You visited the Abyss 1 time.

You collected 95 gold pieces.

Inventory:

Hand Weapons
 a - a +1 falchion (weapon)
Armour
 b - a +0 leather armour (melded)
 j - a +0 pair of gloves (melded)
 n - a +2 hat (melded)
Jewellery
 m - a ring of resist corrosion (left branch)
Scrolls
 f - a scroll of identify
 h - a scroll of fog
 k - a scroll of remove curse
 o - a scroll of amnesia
 p - a scroll of blinking {unknown}
Potions
 d - a potion of might
Comestibles
 c - 5 rations
 l - 4 chunks of flesh


   Skills:
 + Level 3.8 Fighting
 * Level 3.4 Long Blades
 + Level 2.7 Armour
 - Level 0.8 Dodging
 + Level 3.7 Invocations


You had 4 spell levels left.
You didn't know any spells.
Your spell library was empty.

Dungeon Overview and Level Annotations

Branches:
Dungeon (3/15)

Altars:
Uskayaw


Innate Abilities, Weirdness & Mutations

((You have large cloven feet.))
Your natural rate of healing is unusually fast.
((You are occasionally teleported next to monsters.))


Message History

You hit the orc.
The orc is almost dead.
The orc hits you but does no damage.
You closely miss the orc.
The orc is almost dead.
Your transformation is almost over.
The orc hits you but does no damage.
The orc priest looks encouraged for a moment.
The orc hits you but does no damage.
You hit the orc.
You kill the orc!
Lugonu accepts your kill.
The orc throws a boomerang.
The boomerang hits you but does no damage.
The weapon returns to the orc!
You hit the orc priest.
The orc priest is lightly wounded.
The orc priest calls down the wrath of Beogh upon you.
Beogh smites you!
You die...

###..)...........####.###..#
###.##.......#......))†..#
**####.##....8..#..###.###...
*,o.........)................
*,####.##†.........###.###...
*,* #............,**#.# ##.#
*,* ####..#####.,,,*#.# *.#
*,* #..######...*#.# *.# *,*
#.oo♣?......,..# *.# *,*
##o#######..*### *,* *,* #.#
*,,* *,* *,* #.#******,,* *,*
*,* #..,,,,,,,,* *,* *,*
###*****,,,*******,* *,*
*,,,,,,,,,,,* *,*
*,,,,,,,,**,* *,*
*,,,,,,,,,,*,


You could see an orc priest and 2 orcs.

Vanquished Creatures
  9 adders
  A worm (D:3)
  2 dart slugs (D:1)
  2 leopard geckos
  6 orcs (D:3)
  6 giant cockroaches
  9 goblins
  10 hobgoblins
  8 jackals
  A ball python (D:2)
  6 bats
  5 frilled lizards
  A jackal skeleton (D:3)
  8 kobolds
  A quokka zombie (D:3)
  4 rats
79 creatures vanquished.

Vanquished Creatures (others)
  2 starspawn tentacles (Abyss:1)
2 creatures vanquished.

Grand Total: 81 creatures vanquished

Notes
Turn   | Place    | Note
-------+----------+-------------------------------------------
     0 | Abyss:1  | kae the Demonspawn Abyssal Knight began the quest for the
                  | Orb.
     0 | Abyss:1  | Reached XP level 1. HP: 18/18 MP: 2/2
    34 | Abyss:1  | Noticed a tentacled starspawn
    37 | Abyss:1  | Noticed a starcursed mass
    39 | D:1      | Escaped the Abyss
    40 | D:1      | Noticed a felid
    50 | D:1      | Noticed a vine stalker
    50 | D:1      | Noticed a vampire
    56 | D:1      | Noticed a spriggan
    56 | D:1      | Noticed a spriggan
    58 | D:1      | Noticed a gargoyle
    58 | D:1      | Noticed a merfolk zombie
   226 | D:1      | Gained mutation: You have large cloven feet. [demonic
                  | ancestry]
   226 | D:1      | Reached XP level 2. HP: 23/24 MP: 4/4
   486 | D:1      | Reached ** piety under Lugonu
   486 | D:1      | Reached XP level 3. HP: 29/29 MP: 5/5
  1723 | D:2      | Reached XP level 4. HP: 28/35 MP: 6/6
  1825 | D:2      | Found a hide-covered altar of Uskayaw.
  2451 | D:3      | Reached XP level 5. HP: 33/42 MP: 7/7
  2493 | D:3      | Reached *** piety under Lugonu
  2642 | D:3      | Gained mutation: You are occasionally teleported next to
                  | monsters. [potion of mutation]
  2642 | D:3      | Gained mutation: Your natural rate of healing is unusually
                  | fast. [potion of mutation]
  2658 | D:3      | Killed from afar by an orc priest

Levels and vault maps discovered:
D:1:      shiori_arrival_whats_in_store_for_you, layout_basic
D:2:      layout_loops_ring, nicolae_overflow_crystal_walls,
          minmay_misc_feat_alley
D:3:      layout_loops_ring, serial_undead, serial_undead_b, serial_undead_d,
          serial_undead_c, serial_undead_d

Skill      XL: |  1  2  3  4 |
---------------+-------------+-----
Long Blades    | 2 3 |  3.4
Armour         | 2 |  2.7
Invocations    | 3 |  3.7
Fighting       | |  3.8
Dodging        | |  0.8

Action                   |  1- 3 |  4- 6 || total
-------------------------+-------+-------++-------
Melee: Falchion          |   133 |   103 ||   236
       Kick              |    30 |    20 ||    50
  Use: Scroll            |       |     7 ||     7
       Potion            |       |     4 ||     4
  Eat: Chunk             |     2 |     4 ||     6
Armor: Leather armour    |    39 |    40 ||    79
       Skin              |       |    13 ||    13
Dodge: Dodged            |    93 |    57 ||   150
       Rpst.: Falchion   |    25 |    22 ||    47

Table legend:
 A = Non-vault XP
 B = Vault XP
 C = Vault XP percentage of total XP
 D = Non-vault monster count
 E = Vault monster count
 F = Vault count percentage of total count
                 A         B        C        D         E       F
            +---------+---------+-------+---------+---------+-------
      Total |     250 |       2 |   0.8 |      77 |       2 |   2.5
            +---------+---------+-------+---------+---------+-------
        D:1 |      55 |       0 |   0.0 |      29 |       0 |   0.0
        D:2 |      76 |       0 |   0.0 |      24 |       0 |   0.0
        D:3 |     119 |       2 |   1.7 |      24 |       2 |   7.7
            +---------+---------+-------+---------+---------+-------
